TOP OF THE 1ST |
Johnson City Cardinals batting - Pitching for Chicago (APP) Cubs : RHP Velimir Sljivancanin
|
Pitching: RHP Velimir Sljivancanin
|
|
Batting: RHB Nick Latulippe
|
0-0: Called Strike 0-1: Foul Ball, location: 2F 0-2: Ball 1-2: Foul Ball, location: 2F 1-2: Ground out 5-3 (Groundball, 56, EV 88.8 MPH)
|
Batting: SHB Justin Towry
|
0-0: Ball 1-0: Swinging Strike 1-1: Foul Ball, location: 2F 1-2: Foul Ball, location: 2F 1-2: Ball 2-2: Ball 3-2: Base on Balls
|
Batting: LHB Ken Morehead
|
0-0: Ball Justin Towry is caught stealing 2nd base 2-6 1-0: Ground out 4-3 (Groundball, 4, EV 82.5 MPH)
|
Top of the 1st over - 0 runs, 0 hits, 0 errors, 0 left on base; Johnson City 0 - Chicago (APP) 0 |
BOTTOM OF THE 1ST |
Chicago (APP) Cubs batting - Pitching for Johnson City Cardinals : RHP Norietsu Higashi
|
Pitching: RHP Norietsu Higashi
|
|
Batting: RHB Adrian Cox
|
0-0: Fly out, F8 (Flyball, 8RD, EV 78.8 MPH)
|
Batting: RHB Mike Hill
|
0-0: Ball 1-0: Ball 2-0: Fly out, F7 (Line Drive, 7, EV 97.5 MPH)
|
Batting: RHB T.J. Garrison
|
0-0: Ground out 1-3 (Groundball, P, EV 76.9 MPH)
|
Bottom of the 1st over - 0 runs, 0 hits, 0 errors, 0 left on base; Johnson City 0 - Chicago (APP) 0 |
TOP OF THE 2ND |
Johnson City Cardinals batting - Pitching for Chicago (APP) Cubs : RHP Velimir Sljivancanin
|
Batting: RHB Herbert Loveless
|
0-0: Called Strike 0-1: Foul Ball, location: 2F 0-2: Ground out 6-3 (Groundball, 6, EV 108.1 MPH)
|
Batting: RHB Geoff Musico
|
0-0: Ground out 5-3 (Groundball, 56, EV 87.5 MPH)
|
Batting: RHB Bobby Miles
|
0-0: Ball 1-0: Called Strike 1-1: Ball 2-1: Swinging Strike 2-2: Foul Ball, location: 2F 2-2: Foul Ball, location: 2F 2-2: Fly out, F3 (Popup, 3S, EV 77.5 MPH)
|
Top of the 2nd over - 0 runs, 0 hits, 0 errors, 0 left on base; Johnson City 0 - Chicago (APP) 0 |
BOTTOM OF THE 2ND |
Chicago (APP) Cubs batting - Pitching for Johnson City Cardinals : RHP Norietsu Higashi
|
Batting: LHB Hiroki Yamamoto
|
0-0: Foul Ball, location: 2F 0-1: Ball 1-1: Foul Ball, location: 2F 1-2: Strikes out looking
|
Batting: RHB Dustin Goldsborough
|
0-0: Ball 1-0: Ball 2-0: Called Strike 2-1: Ground out 6-3 (Groundball, 6S, EV 90.0 MPH)
|
Batting: RHB Andy Baumhardt
|
0-0: Foul Ball, location: 2F 0-1: Ball 1-1: SINGLE (Flyball, 4D, EV 95.6 MPH)
|
Batting: RHB Trevor Woodbury
|
0-0: Ball 1-0: Foul Ball, location: 2F 1-1: Swinging Strike 1-2: Strikes out swinging
|
Bottom of the 2nd over - 0 runs, 1 hit, 0 errors, 1 left on base; Johnson City 0 - Chicago (APP) 0 |
TOP OF THE 3RD |
Johnson City Cardinals batting - Pitching for Chicago (APP) Cubs : RHP Velimir Sljivancanin
|
Batting: LHB Mike East
|
0-0: Swinging Strike 0-1: Ball 1-1: Ball 2-1: Swinging Strike 2-2: Strikes out swinging
|
Batting: RHB Edgar Klockow
|
0-0: Ball 1-0: Swinging Strike 1-1: Ball 2-1: Foul Ball, location: 2F 2-2: Strikes out looking
|
Batting: RHB Sam Daw
|
0-0: Called Strike 0-1: SOLO HOME RUN (Flyball, 7LD, EV 96.9 MPH), Distance : 372 ft
|
Batting: RHB Nick Latulippe
|
0-0: Called Strike 0-1: Ball 1-1: Ball 2-1: Foul Ball, location: 2F 2-2: Ball 3-2: Strikes out looking
|
Top of the 3rd over - 1 run, 1 hit, 0 errors, 0 left on base; Johnson City 1 - Chicago (APP) 0 |
BOTTOM OF THE 3RD |
Chicago (APP) Cubs batting - Pitching for Johnson City Cardinals : RHP Norietsu Higashi
|
Batting: RHB Ricardo Saucedo
|
0-0: SINGLE (Flyball, 78S, EV 93.1 MPH)
|
Batting: RHB Bogdan Sdobnyakov
|
0-0: Bunt - Flyout to 13S! F1
|
Batting: RHB Adrian Cox
|
0-0: Ball 1-0: Ball 2-0: Foul Ball, location: 2F 2-1: Called Strike 2-2: Fly out, F3 (Popup, 34, EV 80.6 MPH)
|
Batting: RHB Mike Hill
|
0-0: Ball 1-0: Fielders Choice at 2nd, 6-4 (Groundball, 6, EV 93.1 MPH)
|
Bottom of the 3rd over - 0 runs, 1 hit, 0 errors, 1 left on base; Johnson City 1 - Chicago (APP) 0 |
TOP OF THE 4TH |
Johnson City Cardinals batting - Pitching for Chicago (APP) Cubs : RHP Velimir Sljivancanin
|
Batting: SHB Justin Towry
|
0-0: Ball 1-0: Ball 2-0: Swinging Strike 2-1: Foul Ball, location: 2F 2-2: Foul Ball, location: 2F 2-2: Foul Ball, location: 2F 2-2: Ball 3-2: Base on Balls
|
Batting: LHB Ken Morehead
|
0-0: Ball Justin Towry steals 2nd base 1-0: Called Strike 1-1: DOUBLE (Line Drive, 78D, EV 104.4 MPH) Justin Towry scores
|
Batting: RHB Herbert Loveless
|
0-0: Foul Ball, location: 2F 0-1: Ball 1-1: Ball 2-1: Swinging Strike 2-2: Ground out 5-3 (Groundball, 56, EV 100.6 MPH)
|
Batting: RHB Geoff Musico
|
0-0: Reached on error, E5 (Groundball, 56S, EV 84.4 MPH) Ken Morehead to third
|
Batting: RHB Bobby Miles
|
0-0: Ball 1-0: Ball 2-0: Foul Ball, location: 2F 2-1: Ball 3-1: Foul Ball, location: 2F 3-2: Base on Balls Geoff Musico to second
|
Batting: LHB Mike East
|
0-0: Swinging Strike 0-1: Foul Ball, location: 2F 0-2: Foul Ball, location: 2F 0-2: Ball 1-2: Foul Ball, location: 2F Balk! Ken Morehead scores Geoff Musico to third Bobby Miles to second 1-2: Foul Ball, location: 2F 1-2: Fly out, F8 (Flyball, 8RS, EV 86.9 MPH)
|
Batting: RHB Edgar Klockow
|
0-0: Fly out, F8 (Line Drive, 8RD, EV 88.8 MPH)
|
Top of the 4th over - 2 runs, 1 hit, 1 error, 2 left on base; Johnson City 3 - Chicago (APP) 0 |
BOTTOM OF THE 4TH |
Chicago (APP) Cubs batting - Pitching for Johnson City Cardinals : RHP Norietsu Higashi
|
Batting: RHB T.J. Garrison
|
0-0: Ball 1-0: Ground out 6-3 (Groundball, 6, EV 98.8 MPH)
|
Batting: LHB Hiroki Yamamoto
|
0-0: Ball 1-0: Swinging Strike 1-1: Foul Ball, location: 2F 1-2: Ball 2-2: Ground out 6-3 (Groundball, 6, EV 104.4 MPH)
|
Batting: RHB Dustin Goldsborough
|
0-0: Fly out, F9 (Flyball, 9D, EV 99.4 MPH)
|
Bottom of the 4th over - 0 runs, 0 hits, 0 errors, 0 left on base; Johnson City 3 - Chicago (APP) 0 |
TOP OF THE 5TH |
Johnson City Cardinals batting - Pitching for Chicago (APP) Cubs : RHP Velimir Sljivancanin
|
Batting: RHB Sam Daw
|
0-0: Called Strike 0-1: Foul Ball, location: 2F 0-2: Strikes out swinging
|
Batting: RHB Nick Latulippe
|
0-0: Fly out, F9 (Line Drive, 9, EV 90.6 MPH)
|
Batting: SHB Justin Towry
|
0-0: Ball 1-0: Ball 2-0: Called Strike 2-1: Foul Ball, location: 2F 2-2: Fly out, F9 (Flyball, 9S, EV 87.5 MPH)
|
Top of the 5th over - 0 runs, 0 hits, 0 errors, 0 left on base; Johnson City 3 - Chicago (APP) 0 |
BOTTOM OF THE 5TH |
Chicago (APP) Cubs batting - Pitching for Johnson City Cardinals : RHP Norietsu Higashi
|
Batting: RHB Andy Baumhardt
|
0-0: Ball 1-0: Ball 2-0: Ball 3-0: Base on Balls
|
Batting: RHB Trevor Woodbury
|
0-0: SINGLE (Groundball, 34D, EV 95.6 MPH) Andy Baumhardt to second Runner from 2nd tries for 3rd, OUT! 9-5 Trevor Woodbury to second
|
Batting: RHB Ricardo Saucedo
|
0-0: Ball 1-0: Ground out 6-3 (Groundball, 6, EV 76.9 MPH)
|
Batting: RHB Bogdan Sdobnyakov
|
0-0: Called Strike 0-1: Ball 1-1: Swinging Strike 1-2: Ball 2-2: Ball 3-2: Base on Balls
|
Batting: RHB Adrian Cox
|
0-0: Ball 1-0: Fly out, F8 (Flyball, 8RD, EV 100.6 MPH)
|
Bottom of the 5th over - 0 runs, 1 hit, 0 errors, 2 left on base; Johnson City 3 - Chicago (APP) 0 |
TOP OF THE 6TH |
Johnson City Cardinals batting - Pitching for Chicago (APP) Cubs : RHP Velimir Sljivancanin
|
Batting: LHB Ken Morehead
|
0-0: Ball 1-0: Ball 2-0: Called Strike 2-1: Ball 3-1: Base on Balls
|
Batting: RHB Herbert Loveless
|
0-0: Ball 1-0: Ball 2-0: Called Strike 2-1: Ball 3-1: Called Strike 3-2: Foul Ball, location: 2F 3-2: Fly out, F9 (Flyball, 89D, EV 90.6 MPH)
|
Batting: RHB Geoff Musico
|
0-0: Foul Ball, location: 2F 0-1: Called Strike 0-2: Foul Ball, location: 2F 0-2: Strikes out swinging
|
Batting: RHB Bobby Miles
|
0-0: Fly out, F9 (Flyball, 9S, EV 90.6 MPH)
|
Top of the 6th over - 0 runs, 0 hits, 0 errors, 1 left on base; Johnson City 3 - Chicago (APP) 0 |
BOTTOM OF THE 6TH |
Chicago (APP) Cubs batting - Pitching for Johnson City Cardinals : RHP Norietsu Higashi
|
Batting: RHB Mike Hill
|
0-0: Foul Ball, location: 2F 0-1: Ball 1-1: Foul Ball, location: 2F 1-2: SOLO HOME RUN (Flyball, 7D, EV 98.8 MPH), Distance : 382 ft
|
Batting: RHB T.J. Garrison
|
0-0: Called Strike 0-1: Swinging Strike 0-2: Ball 1-2: Foul Ball, location: 2F 1-2: SINGLE (Groundball, 34, EV 101.2 MPH)
|
Batting: LHB Hiroki Yamamoto
|
0-0: Fielders Choice at 2nd, 1-6 (Groundball, 13, EV 72.5 MPH)
|
Batting: RHB Dustin Goldsborough
|
0-0: Ball 1-0: Foul Ball, location: 2F 1-1: Ball 2-1: Ball 3-1: Foul Ball, location: 2F 3-2: Base on Balls Hiroki Yamamoto to second
|
Batting: RHB Andy Baumhardt
|
0-0: Called Strike 0-1: Ball 1-1: Ball 2-1: Ball 3-1: Called Strike 3-2: Base on Balls Hiroki Yamamoto to third Dustin Goldsborough to second
|
Batting: RHB Trevor Woodbury
|
0-0: Called Strike 0-1: Foul Ball, location: 2F 0-2: Ball 1-2: Ball 2-2: Strikes out swinging
|
Batting: RHB Ricardo Saucedo
|
0-0: Called Strike 0-1: Foul Ball, location: 2F 0-2: Strikes out looking
|
Bottom of the 6th over - 1 run, 2 hits, 0 errors, 3 left on base; Johnson City 3 - Chicago (APP) 1 |
TOP OF THE 7TH |
Johnson City Cardinals batting - Pitching for Chicago (APP) Cubs : RHP Velimir Sljivancanin
|
Batting: LHB Mike East
|
0-0: Called Strike 0-1: Ball 1-1: Foul Ball, location: 2F 1-2: Foul Ball, location: 2F 1-2: Ball 2-2: Ball 3-2: Foul Ball, location: 2F 3-2: Base on Balls
|
Pitching: LHP Tom Mooney
|
|
Batting: RHB Edgar Klockow
|
0-0: Called Strike 0-1: Hit by Pitch Mike East to second
|
Batting: RHB Sam Daw
|
0-0: Fielders Choice at 2nd, 4-6 (Groundball, 34, EV 83.1 MPH) Mike East to third
|
Batting: RHB Nick Latulippe
|
0-0: 3-RUN HOME RUN (Flyball, 7LD, EV 98.1 MPH), Distance : 351 ft
|
Batting: SHB Justin Towry
|
0-0: Ball 1-0: Called Strike 1-1: Ground out 4-3 (Groundball, 4, EV 103.8 MPH)
|
Batting: LHB Ken Morehead
|
0-0: Ball 1-0: Ball 2-0: Ball 3-0: Called Strike 3-1: Foul Ball, location: 2F 3-2: Base on Balls
|
Batting: RHB Herbert Loveless
|
0-0: Called Strike 0-1: Ball 1-1: Fielders Choice at 2nd, 6-4 (Groundball, 6, EV 82.5 MPH)
|
Top of the 7th over - 3 runs, 1 hit, 0 errors, 1 left on base; Johnson City 6 - Chicago (APP) 1 |
BOTTOM OF THE 7TH |
Chicago (APP) Cubs batting - Pitching for Johnson City Cardinals : RHP Norietsu Higashi
|
Batting: RHB Bogdan Sdobnyakov
|
0-0: Foul Ball, location: 2F 0-1: Ball 1-1: Swinging Strike 1-2: SINGLE (Line Drive, 34, EV 106.9 MPH)
|
Batting: RHB Adrian Cox
|
0-0: Ball 1-0: Swinging Strike 1-1: Swinging Strike 1-2: Fly out, F9 (Line Drive, 9LS, EV 92.5 MPH)
|
Batting: RHB Mike Hill
|
0-0: Called Strike 0-1: Grounds into double play, 4-6-3 (Groundball, 4, EV 82.5 MPH)
|
Bottom of the 7th over - 0 runs, 1 hit, 0 errors, 0 left on base; Johnson City 6 - Chicago (APP) 1 |
TOP OF THE 8TH |
Johnson City Cardinals batting - Pitching for Chicago (APP) Cubs : LHP Tom Mooney
|
Batting: RHB Geoff Musico
|
0-0: Ball 1-0: Called Strike 1-1: Called Strike 1-2: Ball 2-2: Strikes out swinging
|
Batting: RHB Bobby Miles
|
0-0: Swinging Strike 0-1: Ball 1-1: Ball 2-1: Ball 3-1: DOUBLE (Line Drive, 3D, EV 95.0 MPH) - OUT at third base trying to stretch hit.
|
Batting: LHB Mike East
|
0-0: Called Strike 0-1: Ball 1-1: Ball 2-1: SINGLE (Groundball, 4MD, EV 105.6 MPH)
|
Batting: RHB Edgar Klockow
|
0-0: Called Strike 0-1: Called Strike 0-2: Ball 1-2: Reached on error, E6 (Groundball, 6S, EV 61.9 MPH) Mike East to second
|
Batting: RHB Sam Daw
|
0-0: Called Strike 0-1: SINGLE (Groundball, 6MD, EV 105.6 MPH) Mike East to third Edgar Klockow to second Runner from 3rd tries for Home, SAFE, throw by CF to home
|
Batting: RHB Nick Latulippe
|
0-0: Ball 1-0: Foul Ball, location: 2F 1-1: Foul Ball, location: 2F 1-2: Foul Ball, location: 2F 1-2: Ball 2-2: Ball 3-2: Base on Balls Edgar Klockow to third Sam Daw to second
|
Batting: SHB Justin Towry
|
0-0: Foul Ball, location: 2F 0-1: GRAND SLAM HOME RUN (Flyball, 7D, EV 98.8 MPH), Distance : 384 ft
|
Pitching: RHP Roberto Cruz
|
|
Batting: LHB Ken Morehead
|
0-0: Ball 1-0: Ball 2-0: Ball 3-0: Base on Balls
|
Batting: RHB Herbert Loveless
|
0-0: Ball 1-0: Ball 2-0: Foul Ball, location: 2F 2-1: Called Strike 2-2: Ball 3-2: Base on Balls Ken Morehead to second
|
Batting: RHB Geoff Musico
|
0-0: Ball 1-0: Ball 2-0: Ball 3-0: Called Strike 3-1: Base on Balls Ken Morehead to third Herbert Loveless to second
|
Batting: RHB Bobby Miles
|
0-0: SINGLE (Groundball, 56D, EV 100.0 MPH) Ken Morehead scores Herbert Loveless to third Geoff Musico to second Runner from 3rd tries for Home, SAFE, throw by LF to home
|
Batting: LHB Mike East
|
0-0: Fly out, F7 (Flyball, 78D, EV 93.1 MPH)
|
Top of the 8th over - 7 runs, 5 hits, 1 error, 2 left on base; Johnson City 13 - Chicago (APP) 1 |
BOTTOM OF THE 8TH |
Chicago (APP) Cubs batting - Pitching for Johnson City Cardinals : RHP Norietsu Higashi
|
Pitching: LHP Ken Compton
|
|
Batting: RHB T.J. Garrison
|
0-0: Called Strike 0-1: Ball 1-1: Ball 2-1: Foul Ball, location: 2F 2-2: Foul Ball, location: 2F 2-2: Strikes out swinging
|
Batting: LHB Hiroki Yamamoto
|
0-0: Foul Ball, location: 2F 0-1: Fly out, F8 (Line Drive, 78D, EV 89.4 MPH)
|
Batting: RHB Dustin Goldsborough
|
0-0: Called Strike 0-1: Swinging Strike 0-2: Ball 1-2: Strikes out swinging
|
Bottom of the 8th over - 0 runs, 0 hits, 0 errors, 0 left on base; Johnson City 13 - Chicago (APP) 1 |
TOP OF THE 9TH |
Johnson City Cardinals batting - Pitching for Chicago (APP) Cubs : RHP Roberto Cruz
|
Batting: RHB Edgar Klockow
|
0-0: Called Strike 0-1: SINGLE (Flyball, 8LS, EV 93.8 MPH)
|
Pitching: RHP Anastagio Fasola
|
|
Batting: RHB Sam Daw
|
0-0: Called Strike 0-1: Foul Ball, location: 2F 0-2: Ball Wild Pitch! Edgar Klockow to second 1-2: Foul Ball, location: 2F 1-2: Ball 2-2: Ground out U3 (Groundball, 3, EV 95.0 MPH) Edgar Klockow to third
|
Batting: RHB Nick Latulippe
|
0-0: Swinging Strike 0-1: 2-RUN HOME RUN (Flyball, 7LD, EV 95.6 MPH), Distance : 368 ft
|
Batting: SHB Justin Towry
|
0-0: Ball 1-0: Called Strike 1-1: Ball 2-1: Ball 3-1: Called Strike 3-2: Base on Balls
|
Batting: LHB Ken Morehead
|
0-0: Ball 1-0: Ball 2-0: Ball 3-0: Base on Balls Justin Towry to second
|
Pitching: RHP Jose Mata
|
|
Batting: RHB Herbert Loveless
|
0-0: Called Strike 0-1: Ball 1-1: Foul Ball, location: 2F 1-2: Ball Wild Pitch! Justin Towry to third Ken Morehead to second 2-2: Fly out, F3 (Popup, 3SF, EV 83.1 MPH)
|
Batting: RHB Geoff Musico
|
0-0: Ball 1-0: Swinging Strike 1-1: Ball 2-1: Swinging Strike 2-2: Ball 3-2: Base on Balls
|
Batting: RHB Bobby Miles
|
0-0: Ball 1-0: Ball 2-0: Ball 3-0: Called Strike 3-1: Foul Ball, location: 2F 3-2: Base on Balls Justin Towry scores Ken Morehead to third Geoff Musico to second
|
Batting: LHB Mike East
|
0-0: SINGLE (Line Drive, 9LS, EV 103.1 MPH) Ken Morehead scores Geoff Musico to third Bobby Miles to second Runner from 3rd tries for Home, throw by RF and OUT! 9-2
|
Top of the 9th over - 4 runs, 3 hits, 0 errors, 2 left on base; Johnson City 17 - Chicago (APP) 1 |
BOTTOM OF THE 9TH |
Chicago (APP) Cubs batting - Pitching for Johnson City Cardinals : LHP Ken Compton
|
Batting: RHB Andy Baumhardt
|
0-0: Ball 1-0: Ball 2-0: Called Strike 2-1: Called Strike 2-2: Strikes out swinging
|
Batting: RHB Trevor Woodbury
|
0-0: Ball 1-0: Fly out, F4 (Line Drive, 34, EV 71.2 MPH)
|
Batting: RHB Ricardo Saucedo
|
0-0: Ground out 6-3 (Groundball, 6, EV 93.8 MPH)
|
Bottom of the 9th over - 0 runs, 0 hits, 0 errors, 0 left on base; Johnson City 17 - Chicago (APP) 1 |
|